 Dungeon Crawl Stone Soup version 0.26.1-2-gb8aa6d0cf2 (webtiles) character file.

Game seed: 5401073051227502820

148883 Ladykiller69 the Executioner (level 16, -3/149 HPs)
             Began as a Minotaur Gladiator on Mar 18, 2021.
             Was the Champion of Wu Jian.
             Killed from afar by a raiju (15 damage)
             ... with a living lightning
             ... on level 3 of the Abyss.
             The game lasted 01:33:45 (41805 turns).

Ladykiller69 the Executioner (Minotaur Gladiator)  Turns: 41805, Time: 01:33:45

Health: -3/149     AC: 25    Str: 23    XL:     16   Next: 95%
Magic:  0/15       EV: 15    Int:  5    God:    Wu Jian [******]
Gold:   2792       SH:  0    Dex: 15    Spells: 15/15 levels left

rFire    + . .     SeeInvis .   L - +4 battleaxe
rCold    + + .     Faith    .   (shield currently unavailable)
rNeg     . . .     Spirit   +   w - +2 plate armour {rC+}
rPois    +         Reflect  .   c - +1 hat
rElec    .         Harm     .   n - +0 cloak
rCorr    .         Rampage  .   g - +0 pair of gloves
Will     +....                  y - +0 pair of boots of Entitlement {rPois} (curse)
Stlth    ..........             S - amulet of guardian spirit
HPRegen  0.34/turn              f - ring of protection from fire
MPRegen  0.14/turn              U - ring of protection from cold

@: mighty
A: retaliatory headbutt, horns 2
a: Renounce Religion, Wall Jump, Serpent's Lash, Heavenly Storm


You were on level 3 of the Abyss.
You worshipped Wu Jian.
Wu Jian was exalted by your worship.
You visited 7 branches of the dungeon, and saw 29 of its levels.
You visited the Abyss 1 time.
You also visited: Ossuary.

You collected 3048 gold pieces.
You spent 256 gold pieces at shops.

Inventory:

Hand Weapons
 K - a +3 scimitar of flaming
 L - a +4 battleaxe (weapon)
Missiles
 d - 6 throwing nets
 j - 8 javelins (quivered)
 k - 8 curare-tipped darts
 t - 26 boomerangs
 Q - 65 poisoned darts
Armour
 c - a +1 hat (worn)
 g - a +0 pair of gloves (worn)
 n - a +0 cloak (worn)
 w - a +2 plate armour of cold resistance (worn)
 y - the cursed +0 pair of boots of Entitlement (worn) {rPois}
   (You bought it in a shop on level 2 of the Orcish Mines)

   It protects you from poison.
   It has a curse placed upon it.
Jewellery
 f - a ring of protection from fire (left hand)
 E - an uncursed amulet of magic regeneration {unknown}
 M - an uncursed ring of see invisible
 N - an uncursed ring of flight
 P - an uncursed ring of positive energy
 S - an amulet of guardian spirit (around neck)
 T - an uncursed ring of protection from fire
 U - a ring of protection from cold (right hand)
Wands
 p - a wand of acid (5)
 G - a wand of iceblast (9)
 J - a wand of disintegration (15)
 V - a wand of flame (24)
 X - a wand of digging (7)
Scrolls
 a - 2 scrolls of fog
 h - 14 scrolls of remove curse
 i - 4 scrolls of enchant weapon
 o - 2 scrolls of acquirement
 q - 6 scrolls of immolation
 r - 4 scrolls of enchant armour
 s - 6 scrolls of amnesia
 z - 2 scrolls of summoning
 B - 6 scrolls of teleportation
 F - a scroll of holy word
 O - 4 scrolls of magic mapping
 Y - 2 scrolls of fear
Potions
 b - 10 potions of curing
 e - 5 potions of haste
 l - 9 potions of flight
 m - 2 potions of invisibility {unknown}
 u - 6 potions of heal wounds
 v - 6 potions of brilliance
 x - 4 potions of attraction
 A - 2 potions of might
 C - 4 potions of lignification
 H - a potion of resistance
 I - a potion of ambrosia
 R - 4 potions of cancellation
 Z - a potion of magic
Miscellaneous
 D - a lightning rod (4/4)
 W - a tin of tremorstones (2/2)


   Skills:
 + Level 15.5 Fighting
 * Level 21.0 Axes
 - Level 9.2 Throwing
 + Level 15.3 Armour
 + Level 14.7 Dodging


You had 15 spell levels left.
You didn't know any spells.
Your spell library contained the following spells:

 Spells                   Type           Power        Failure   Level
 Animate Skeleton         Necr           0%           99%         1
 Magic Dart               Conj           0%           99%         1
 Pain                     Necr           0%           99%         1
 Summon Small Mammal      Summ           0%           99%         1
 Blink                    Tloc           N/A          100%        2
 Call Imp                 Summ           0%           100%        2
 Passwall                 Tmut/Erth      0%           100%        2
 Slow                     Hex            0%           100%        2
 Swiftness                Air            0%           100%        2
 Call Canine Familiar     Summ           0%           100%        3
 Confusing Touch          Hex            0%           100%        3
 Conjure Flame            Conj/Fire      0%           100%        3
 Gell's Gravitas          Tloc           0%           100%        3
 Mephitic Cloud           Conj/Pois/Air  0%           100%        3
 Portal Projectile        Hex/Tloc       0%           100%        3
 Summon Guardian Golem    Hex/Summ       0%           100%        3
 Vampiric Draining        Necr           0%           100%        3
 Animate Dead             Necr           0%           100%        4
 Fulminant Prism          Conj/Hex       0%           100%        4
 Ice Form                 Ice/Tmut       0%           100%        4
 Leda's Liquefaction      Hex/Erth       0%           100%        4
 Passage of Golubria      Tloc           N/A          100%        4
 Petrify                  Tmut/Erth      0%           100%        4
 Summon Ice Beast         Ice/Summ       0%           100%        4
 Summon Lightning Spire   Summ/Air       0%           100%        4
 Agony                    Necr           0%           100%        5
 Bolt of Magma            Conj/Fire/Erth 0%           100%        5
 Iskenderun's Battlesphe  Conj           0%           100%        5
 Lee's Rapid Deconstruct  Erth           0%           100%        5
 Metabolic Englaciation   Hex/Ice        0%           100%        5
 Yara's Violent Unravell  Hex/Tmut       0%           100%        5
 Dispersal                Tloc           0%           100%        6
 Freezing Cloud           Conj/Ice/Air   0%           100%        6
 Invisibility             Hex            0%           100%        6
 Iron Shot                Conj/Erth      0%           100%        6
 Ozocubu's Refrigeration  Ice            0%           100%        6
 Simulacrum               Ice/Necr       0%           100%        6
 Statue Form              Tmut/Erth      0%           100%        6
 Disjunction              Tloc           0%           100%        8
 Shatter                  Erth           0%           100%        9


Dungeon Overview and Level Annotations

Branches:
Dungeon (15/15)            Temple (1/1) D:6            Lair (6/6) D:9
 Shoals (1/4) Lair:4       Spider (0/4) Lair:2        Slime (1/5) Lair:6
    Orc (2/2) D:12            Elf (3/3) Orc:2        Vaults (0/5) D:13
 Depths (0/5) D:15        Ossuary (visited)

Altars:
Ashenzari
Cheibriados
Dithmenos
Elyvilon
Fedhas
Gozag
Hepliaklqana
Kikubaaqudgha
Makhleb
Nemelex Xobeh
Okawaru
Qazlal
Ru
Sif Muna
Trog
Uskayaw
Vehumet
Wu Jian
Xom
Yredelemnul
Zin
The Shining One
Jiyva

Shops:
Orc:1 *   Orc:2 *((*(   Elf:1 [

Annotations:
D:15 5 exclusions
Shoals:1 Louise


Innate Abilities, Weirdness & Mutations

You reflexively headbutt those who attack you in melee.
You have a pair of horns on your head.


Message History

The raiju bursts into living lightning!
The living lightning hits you!
* * * LOW HITPOINT WARNING * * *
The raiju blinks!
You slice the raiju!! Your headbutt misses the raiju.
The raiju is severely wounded.
You closely miss the raiju. You headbutt the raiju!
You kill the raiju!
The Council accepts your kill.
A raiju comes into view.
Okay, then.
You lunge at the raiju, in a flurry of attacks.
You slash the raiju!
The raiju is moderately wounded.
You slash the raiju!
The raiju is severely wounded.
The raiju bursts into living lightning!
The living lightning hits the raiju.
The raiju completely resists.
The living lightning hits you!
You die...

. #... ##### . ..
#††.# ..#. ##.##
......###@..## ...
...#h....# .
.....h............
... ..............
#..##..##..##..# .
#†.##..# ..# .
..... .... .... ..
...... ..... ...
##..# ..##..## .
#.


You could see 2 raiju.

Vanquished Creatures
  Rupert (D:13)
  An acid blob (Slime:1)
  A tentacled starspawn (Abyss:3)
  A deep elf sorcerer (Elf:1)
  6 dire elephants (Lair:6)
  The ghost of Gonodgh the Peltast, a journeyman MiFi of Cheibriados (D:13)
  Snorg (D:13)
  An ettin (Orc:1)
  Harold (D:9)
  3 boulder beetles
  6 hydras
  A catoblepas (Lair:6)
  An anaconda (Lair:6)
  5 two-headed ogres
  3 centaur warriors
  A death knight (D:15)
  9 dancing weapons
  Erica (D:11)
  11 death yaks
  Urug (D:13)
  4 orc high priests
  Nergalle (Orc:1)
  A fire crab (shapeshifter) (D:15)
  6 deep elf knights
  Sonja (Orc:1)
  A sea snake (Shoals:1)
  2 unseen horrors
  An orange crystal statue (D:9)
  A lindwurm (Lair:6)
  8 deep elf archers
  Pikel (D:4)
  3 wolf spider zombies
  7 orc knights
  33 deep elf magi
  14 ugly things
  A phantasmal warrior (D:15)
  5 orc sorcerers
  2 wolf spiders (Lair:2)
  3 manticores
  An oklob plant (Lair:6)
  A large abomination (Abyss:3)
  6 cyclopes
  3 fauns (Shoals:1)
  A centaur zombie (D:15)
  13 elephants (Lair:6)
  A merfolk siren (Shoals:1)
  Maurice (D:10)
  6 black mambas
  A black mamba (shapeshifter) (D:13)
  An apocalypse crab (Abyss:3)
  11 rime drakes
  Maggie (D:9)
  13 cane toads
  A cane toad (shapeshifter) (Elf:1)
  A yaktaur (D:15)
  4 centaur skeletons
  7 komodo dragons
  3 freezing wraiths
  A polar bear (Lair:3)
  A jumping spider (Lair:2)
  A queen bee (shapeshifter) (Abyss:3)
  2 merfolk (Shoals:1)
  12 trolls
  2 hornets (D:10)
  A wind drake (Shoals:1)
  Grinder (D:5)
  A snapping turtle (Lair:4)
  10 raiju (Abyss:3)
  29 blink frogs
  3 dream sheep (Shoals:1)
  Prince Ribbit (D:6)
  7 slime creatures
  A shadow (D:12)
  A centaur simulacrum (D:15)
  3 vampires
  6 wraiths
  3 wyverns
  A redback (Lair:2)
  An air elemental (Elf:1)
  Sigmund (D:2)
  16 humans (D:13)
  4 water elementals
  3 fire elementals
  40 yaks
  3 basilisks
  2 vampire mosquitoes (D:15)
  A chaos spawn (Abyss:3)
  12 steam dragons
  Menkaure (D:5)
  6 wargs
  An acid dragon (D:14)
  8 water moccasins
  Duvessa (D:5)
  34 orc warriors
  5 sky beasts
  5 ice beasts
  An eye of draining (D:13)
  2 black bears
  2 phantoms
  7 wolves
  13 ogres
  8 centaurs
  3 big kobolds (D:10)
  6 earth elementals
  Blork the orc (D:4)
  17 bullfrogs
  2 small abominations (Abyss:3)
  Dowan (D:5)
  3 scorpions
  3 killer bees (D:9)
  43 wights
  2 electric eels
  4 howler monkeys
  2 bullfrog zombies
  2 quasits
  Crazy Yiuf (D:2)
  8 jellies
  A bullfrog skeleton (D:13)
  24 orc priests
  2 hounds
  An iron imp (Abyss:3)
  27 orc wizards
  4 iguanas
  9 worker ants
  6 hell rats (Lair:2)
  A killer bee zombie (D:6)
  A hound skeleton (D:7)
  A hound zombie (D:8)
  A mummy (Ossuary)
  5 worker ant zombies
  12 gnolls
  9 adders
  2 shadow imps
  5 white imps
  2 ufetubi
  15 oozes
  An adder skeleton (D:10)
  An adder zombie (D:10)
  3 worms
  A dart slug (D:2)
  6 leopard geckos
  86 orcs
  3 ball pythons
  6 giant cockroaches
  7 hobgoblins
  6 jackals
  6 quokkas
  A ball python skeleton (D:4)
  16 bats
  3 frilled lizards
  7 gnoll skeletons (Ossuary)
  6 goblins
  12 kobolds
  8 kobold skeletons (Ossuary)
  10 orc skeletons (Ossuary)
  A quokka skeleton (D:5)
  10 rats
  A bush (Elf:1)
  A butterfly (Lair:6)
919 creatures vanquished.

Vanquished Creatures (others)
  A hydra (D:13)
  A merfolk (Shoals:1)
  An orc priest (Orc:2)
  An orc (Orc:2)
  6 bushes
  6 demonic plants (Abyss:3)
  47 fungi
  76 plants
  2 starspawn tentacles (Abyss:3)
141 creatures vanquished.

Grand Total: 1060 creatures vanquished

Notes
Turn   | Place    | Note
-------+----------+-------------------------------------------
     0 | D:1      | Ladykiller69 the Minotaur Gladiator began the quest for the
                  | Orb.
     0 | D:1      | Reached XP level 1. HP: 18/18 MP: 0/0
   501 | D:1      | Reached XP level 2. HP: 18/25 MP: 1/1
   602 | D:1      | Reached skill level 4 in Axes
   878 | D:2      | Reached XP level 3. HP: 21/30 MP: 2/2
  1173 | D:2      | Reached skill level 1 in Armour
  1238 | D:2      | Found a runed translucent door.
  1239 | D:2      | Noticed Crazy Yiuf
  1313 | D:2      | Killed Crazy Yiuf
  1314 | D:2      | Reached XP level 4. HP: 22/38 MP: 3/3
  1750 | D:2      | Noticed an ice beast
  1767 | D:2      | Killed an ice beast
  1767 | D:2      | Noticed Sigmund
  1768 | D:2      | Reached skill level 5 in Axes
  1768 | D:2      | Reached XP level 5. HP: 45/45 MP: 4/4
  1783 | D:2      | Killed Sigmund
  1784 | D:2      | Reached XP level 6. HP: 25/52 MP: 5/5
  2423 | D:3      | Reached skill level 6 in Axes
  2893 | D:3      | Found a broken altar of Ashenzari.
  2894 | D:3      | Found a glowing silver altar of Zin.
  2894 | D:3      | Found a basalt altar of Yredelemnul.
  2995 | D:4      | Noticed Pikel
  3183 | D:4      | Killed Pikel
  3184 | D:4      | Reached skill level 7 in Axes
  3184 | D:4      | Reached skill level 5 in Dodging
  3184 | D:4      | Reached XP level 7. HP: 27/60 MP: 6/6
  3464 | D:4      | Reached XP level 8. HP: 42/67 MP: 7/7
  3682 | D:4      | Reached skill level 5 in Fighting
  3908 | D:4      | Noticed Blork the orc
  3917 | D:4      | Killed Blork the orc
  3997 | D:5      | Entered Level 5 of the Dungeon
  4015 | D:5      | Noticed Menkaure
  4020 | D:5      | Killed Menkaure
  4114 | D:5      | Reached skill level 8 in Axes
  4183 | D:5      | Found an opulent altar of Gozag.
  4326 | D:5      | Noticed Grinder
  4406 | D:5      | Paralysed by Grinder for 6 turns
  4419 | D:5      | Paralysed by Grinder for 2 turns
  4422 | D:5      | Killed Grinder
  4472 | D:5      | Found a sand-covered staircase.
  4479 | Ossuary  | Entered an ossuary
  4623 | Ossuary  | Reached skill level 5 in Armour
  4962 | D:5      | Noticed Duvessa
  4962 | D:5      | Noticed Dowan
  4979 | D:5      | Killed Duvessa
  4980 | D:5      | Reached skill level 5 in Throwing
  4985 | D:5      | Killed Dowan
  4986 | D:5      | Reached skill level 9 in Axes
  5216 | D:6      | Found a staircase to the Ecumenical Temple.
  5227 | D:6      | Noticed Prince Ribbit
  5259 | Temple   | Entered the Ecumenical Temple
  5424 | Temple   | Became a worshipper of the Wu Jian Council
  5605 | D:6      | Reached XP level 9. HP: 73/75 MP: 8/8
  6120 | D:6      | Killed Prince Ribbit
  6796 | D:7      | Found a blossoming altar of Fedhas.
  7014 | D:7      | Reached skill level 10 in Axes
  7163 | D:7      | Reached * piety under Wu Jian
  8152 | D:9      | Noticed Harold
  8152 | D:9      | Noticed Maggie
  8164 | D:9      | Killed Harold
  8164 | D:9      | Killed Maggie
  8165 | D:9      | Reached skill level 11 in Axes
  8165 | D:9      | Reached XP level 10. HP: 25/88 MP: 9/9
  8435 | D:9      | Reached ** piety under Wu Jian
  8669 | D:9      | Found a runed translucent door.
  8702 | D:9      | Found a runed translucent door.
  8902 | D:9      | Found a staircase to the Lair.
  9314 | D:9      | Reached skill level 12 in Axes
  9624 | D:9      | Found a runed translucent door.
  9637 | D:9      | Found a runed translucent door.
  9719 | D:9      | Noticed an orange crystal statue
  9900 | D:10     | Entered Level 10 of the Dungeon
  9940 | D:10     | Reached XP level 11. HP: 95/95 MP: 10/10
  9957 | D:10     | Reached *** piety under Wu Jian
 10311 | D:10     | Paralysed by a hornet for 1 turns
 11216 | D:10     | Noticed Maurice
 11216 | D:10     | Paralysed by Maurice for 3 turns
 11228 | D:10     | Paralysed by something for 2 turns
 11235 | D:10     | Killed Maurice
 11542 | D:11     | Noticed Erica
 11542 | D:11     | Noticed a green ugly thing
 11546 | D:11     | Noticed a two-headed ogre
 11837 | D:11     | Killed a green ugly thing
 12292 | D:11     | HP: 4/97 [something (1)]
 12297 | D:11     | Killed Erica
 12298 | D:11     | Reached skill level 13 in Axes
 12563 | D:11     | Noticed a two-headed ogre
 12567 | D:11     | Noticed a two-headed ogre
 12799 | Lair:1   | Entered Level 1 of the Lair of Beasts
 13209 | Lair:1   | Noticed a six-headed hydra
 13217 | Lair:1   | Killed a two-headed hydra
 13768 | Lair:2   | Noticed a six-headed hydra
 13974 | Lair:1   | Killed a one-headed hydra
 14303 | Lair:2   | Reached skill level 10 in Fighting
 14303 | Lair:2   | Reached XP level 12. HP: 91/106 MP: 11/11
 14332 | Lair:2   | Reached **** piety under Wu Jian
 14939 | Lair:2   | Reached skill level 14 in Axes
 15370 | Lair:2   | Reached skill level 10 in Armour
 15370 | Lair:2   | Reached skill level 10 in Dodging
 17040 | Lair:2   | Found a hole to the Spider Nest.
 17259 | Lair:3   | Noticed a death yak
 17259 | Lair:3   | Noticed a death yak
 17259 | Lair:3   | Noticed a death yak
 17890 | D:11     | Reached skill level 15 in Axes
 18020 | D:11     | Killed a two-headed ogre
 18192 | D:11     | Reached ***** piety under Wu Jian
 18198 | D:11     | Reached XP level 13. HP: 49/116 MP: 12/12
 21748 | Lair:4   | Reached skill level 16 in Axes
 24309 | Lair:6   | Entered Level 6 of the Lair of Beasts
 24463 | Lair:5   | Reached XP level 14. HP: 111/127 MP: 13/13
 25162 | Lair:6   | Reached skill level 17 in Axes
 25685 | Lair:6   | Found a staircase to the Slime Pits.
 25685 | Lair:6   | Found a viscous altar of Jiyva.
 26969 | D:12     | Found a staircase to the Orcish Mines.
 27246 | Orc:1    | Entered Level 1 of the Orcish Mines
 27906 | Orc:2    | Entered Level 2 of the Orcish Mines
 27906 | Orc:2    | Found Ydyst's General Store.
 28171 | Orc:1    | HP: 4/112 [orc knight/+3 great mace of draining (9)]
 28613 | Orc:2    | Reached ****** piety under Wu Jian
 28653 | Orc:1    | Noticed Nergalle
 28661 | Orc:1    | Noticed Sonja
 28668 | Orc:1    | Killed Sonja
 28668 | Orc:1    | Killed Nergalle
 28947 | Orc:1    | Found a bloodstained altar of Trog.
 29093 | Orc:2    | Reached skill level 18 in Axes
 29474 | Orc:2    | Found a staircase to the Elven Halls.
 30636 | Orc:2    | Found Taloasi's Assorted Antiques.
 30636 | Orc:2    | Found Ecetamum's Antique Weapon Shoppe.
 30682 | Orc:2    | Found Paschaucw's Antique Weapon Shoppe.
 30682 | Orc:2    | Found Keoloz's Antique Weapon Shop.
 30765 | Orc:2    | Bought a pair of slimy boots for 256 gold pieces
 30770 | Orc:2    | Identified the cursed +0 pair of boots of Entitlement
                  | {rPois} (You bought it in a shop on level 2 of the Orcish
                  | Mines)
 30914 | D:13     | Found a gate to the Vaults.
 30914 | D:13     | Noticed Urug
 30914 | D:13     | Noticed Rupert
 30922 | D:13     | Reached XP level 15. HP: 136/136 MP: 14/14
 30931 | D:13     | Killed Rupert
 30937 | D:13     | Killed Urug
 31227 | D:13     | Found a runed translucent door.
 31227 | D:13     | Found a shimmering altar of Xom.
 31227 | D:13     | Noticed Gonodgh's ghost (journeyman MiFi)
 31333 | D:13     | Noticed Snorg
 31345 | D:13     | Killed Snorg
 32179 | D:14     | Found a sparkling altar of Nemelex Xobeh.
 32779 | D:14     | Reached skill level 19 in Axes
 32997 | D:15     | Entered Level 15 of the Dungeon
 33189 | D:15     | Found a staircase to the Depths.
 33189 | D:15     | Noticed a fire giant
 35461 | Slime:1  | Entered Level 1 of the Pits of Slime
 35461 | Slime:1  | Noticed an acid blob
 35467 | Slime:1  | Killed an acid blob
 36916 | Lair:6   | Reached XP level 16. HP: 104/147 MP: 11/15
 37222 | Lair:4   | Found a staircase to the Shoals.
 37579 | D:13     | Found the cursed +14 obsidian axe {vorpal, +Fly SInv
                  | *Curse}
 37672 | D:13     | Killed Gonodgh's ghost
 37679 | D:13     | Identified 2 scrolls of acquirement
 38004 | Elf:1    | Entered Level 1 of the Elven Halls
 38128 | Elf:1    | Reached skill level 20 in Axes
 39519 | Elf:1    | Reached skill level 15 in Fighting
 39884 | Elf:1    | Identified the Handbook of Creative Battle Magic
 39970 | Elf:1    | Found Waarr's Armour Shoppe.
 40162 | Elf:2    | Reached skill level 15 in Armour
 40164 | Elf:2    | Found an ancient bone altar of Kikubaaqudgha.
 40489 | Elf:3    | Entered Level 3 of the Elven Halls
 40492 | Elf:3    | Paralysed by an orc sorcerer for 4 turns
 40782 | Shoals:1 | Entered Level 1 of the Shoals
 41448 | Shoals:1 | Noticed Louise
 41458 | Shoals:1 | Cast into level 3 of the Abyss (Louise)
 41459 | Abyss:3  | Found a corrupted altar of Lugonu.
 41652 | Abyss:3  | Noticed a tentacled starspawn
 41659 | Abyss:3  | Killed a tentacled starspawn
 41797 | Abyss:3  | Reached skill level 21 in Axes
 41805 | Abyss:3  | Killed from afar by a raiju

Illustrated notes

Levels and vault maps discovered:
D:1:      wheals_arrival_linesprint, layout_loops_cross
D:2:      layout_basic, hex_tiny, serial_bayou_pond_b, uniq_sigmund,
          uniq_crazy_yiuf_cottage
D:3:      layout_loops_cross, chequers_temple_overflow_statue_of_worship,
          serial_park_tiny_1
D:4:      layout_rooms, uniq_blork_the_orc, uniq_pikel
D:5:      layout_basic, grunt_gozag_statues, chequers_ossuary_entry_cave,
          serial_bayou_pond_d, uniq_duvessa, uniq_grinder, uniq_menkaure
D:6:      layout_basic, minmay_temple_entry_statues, uniq_prince_ribbit1
D:7:      layout_loops_cross, skrybe_limestone_x, minmay_misc_feat_alley,
          minmay_misc_feat_four_crosses, fedhas_bush_and_centaur_altar
D:8:      layout_loops_ring
D:9:      layout_rooms, erik_lair_orcish_takeover, minmay_statue_crystal_thing,
          uniq_harold, uniq_maggie
D:10:     minmay_ornate_pinched, layout_gridville, uniq_maurice
D:11:     layout_stronghold, uniq_erica
D:12:     layout_rooms, david_orc_4, portal_ice_cave_rime
D:13:     layout_basic, david_vaults_3, ebering_ghost_xom,
          lemuel_flamethrower_hall, uniq_snorg
D:14:     lemuel_slime, layout_basic, nemelex_xobeh_ov_fountains_minmay
D:15:     grunt_enter_depths_giant_problem, layout_basic, minivault_25
Temple:   regret_index_temple_mists
Lair:1:   layout_regular_city
Lair:2:   layout_roguey, spider_nest_entry_funnel_web, bobbens_dragon_lair_wall
Lair:3:   layout_regular_city, roderic_batcave
Lair:4:   layout_gridlike, minmay_shoals_entry_hut
Lair:5:   layout_regular_city, nicolae_lair_grove_arrangements,
          small_statue_intersection
Lair:6:   due_jungle_book, layout_small_grid, slime_altar_1,
          nicolae_lair_yak_garden, lemuel_fruit_fields, lemuel_fruit_tree,
          serial_bayou_shore_a
Shoals:1: layout_shoals, uniq_louise
Slime:1:  layout_caves
Orc:1:    layout_caves, trog_butcher_becter, uniq_sonja, uniq_nergalle
Orc:2:    grunt_orc_tribal_feast, layout_caves, serial_shops,
          nicolae_shop_statue_plus
Elf:1:    minmay_elf_arrival_circle, layout_geoelf_diagonals, serial_shops,
          shop, minmay_elf_sorcery, minivault_28
Elf:2:    layout_gridlike, basic_altar
Elf:3:    elf_hall, layout_gridlike, st_stairs_7, grunt_megastairs_1
Abyss:3:  base: Lair:6, gammafunk_abyss_rune_reverse_zot,
          evilmike_abyss_exit_plants, grunt_abyss_rune_forest_and_sorcery

Skill      XL: |  1  2  3  4  5  6  7  8  9 10 11 12 13 14 15 16 |
---------------+-------------------------------------------------+-----
Axes           | 4 5 7 9 11 12 13 15 16 18 19 21 | 21.0
Armour         | 1 2 3 5 7 8 9 10 12 13 14 15 | 15.3
Fighting       | 3 4 6 7 8 10 11 12 13 14 15 | 15.5
Dodging        | 4 5 6 7 8 9 10 11 12 13 14 | 14.7
Throwing       | 3 4 5 6 7 8 9 |  9.2

Action                   |  1- 3 |  4- 6 |  7- 9 | 10-12 | 13-15 | 16-18 || total
-------------------------+-------+-------+-------+-------+-------+-------++-------
Melee: War axe           |    66 |   148 |   280 |   632 |    52 |       ||  1178
       Headbutt          |    11 |    23 |    58 |   148 |   314 |    99 ||   653
       Scimitar          |       |       |       |    12 |    17 |       ||    29
       Battleaxe         |       |       |       |       |  1179 |   450 ||  1629
Throw: Throwing net      |       |       |       |     1 |     3 |       ||     4
       Javelin           |       |       |       |       |       |     3 ||     3
Invok: Lunge             |       |       |    13 |    51 |   112 |    47 ||   223
       Whirlwind         |       |       |     1 |    41 |   167 |    51 ||   260
       Serpent's Lash    |       |       |       |     1 |     2 |     1 ||     4
       Heavenly Storm    |       |       |       |       |     1 |     1 ||     2
Evoke: Wand              |       |       |     3 |       |       |       ||     3
  Use: Scroll            |       |     4 |     3 |     3 |    14 |     8 ||    32
       Potion            |       |     1 |       |     4 |     3 |     1 ||     9
 Stab: Held in net/web   |       |       |       |       |     1 |       ||     1
       Distracted        |       |       |       |       |       |     1 ||     1
Armor: Leather armour    |     2 |       |       |       |       |       ||     2
       Scale mail        |    30 |    66 |   101 |   176 |    21 |       ||   394
       Plate armour      |       |       |       |       |   460 |   131 ||   591
       Skin              |       |       |       |       |     9 |       ||     9
Dodge: Dodged            |    36 |    88 |   147 |   398 |   611 |   188 ||  1468
       Rpst.: Scimitar   |       |       |       |     3 |     3 |       ||     6
